Selects Airborne Battlegroup
Selects Heavy Machine Gun Paradrop
Selects Smoke Bombing Run
Heavy Machine Gun Paradrop
Heavy Machine Gun Paradrop
Mechanized Support Center
Construct Medical Station
M1918 Browning Automatic Rifles
Selects Paratrooper Squad Paradrop
Paratrooper Squad Paradrop
Selects Anti-tank Gun Team Paradrop
Selects Anti-tank Gun Team Paradrop
Anti-tank Gun Team Paradrop
M18 Hellcat Tank Destroyer
Paratrooper Squad Paradrop
Heavy Machine Gun Paradrop
M4(105) Sherman Bulldozer
Designate Forward Repair Station
Heavy Machine Gun Paradrop
Selects Carpet Bombing Run
Paratrooper Squad Paradrop